 Dungeon Crawl Stone Soup version 0.27.1-15-g792fb953b9 (webtiles) character file.

Game seed: 17017476815048132656

60 ces the Insei (level 4, 0/32 HPs)
             Began as a Djinni Transmuter on Nov 21, 2021.
             Slain by an adder (2 damage)
             ... on level 4 of the Dungeon.
             The game lasted 00:04:19 (3358 turns).

ces the Insei (Djinni Transmuter)                   Turns: 3358, Time: 00:04:19

Health: 0/32       AC:  2    Str: 10    XL:     4   Next: 24%
Gold:   119        EV: 12    Int: 14    God:
                   SH:  0    Dex: 14

rFire    + + .     SeeInvis .     - Unarmed
rCold    x . .     Faith    .   (no shield)
rNeg     . . .     Spirit   .   a - +0 robe
rPois    ∞         Reflect  .   (no helmet)
rElec    .         Harm     .   (no cloak)
rCorr    .         Rampage  .   (no gloves)
Will     .....                  (boots unavailable)
Stlth    ++........             (no amulet)
HPRegen  0.10/turn              (no ring)
MPRegen  0.00/turn              (no ring)

@: flying
A: sickness immunity, fire resistance 2, cold vulnerability 1, float, innate
caster, hp casting, extra vitality 1
a: no special abilities


You were on level 4 of the Dungeon.
You visited 1 branch of the dungeon, and saw 4 of its levels.

You collected 119 gold pieces.

Inventory:

Armour
 a - a +0 robe (worn)
Jewellery
 b - a +4 ring of evasion
Scrolls
 c - 2 scrolls of identify {unknown}
 f - a scroll of summoning {unknown}
 g - a scroll of teleportation {unknown}


   Skills:
 + Level 1.1 Fighting
 + Level 2.3 Dodging
 + Level 0.9 Stealth
 + Level 4.0 Unarmed Combat
 + Level 2.1 Spellcasting


You couldn't memorise any spells.
You knew the following spells:

 Your Spells              Type           Power      Damage    Failure   Level
a - Beastly Appendage     Tmut           14%        N/A       10%         1
b - Wereblood             Tmut           7%         N/A       14%         2
c - Spider Form           Tmut/Pois      3%         N/A       28%         3
d - Ice Form              Ice/Tmut       7%         N/A       67%         4
e - Shock                 Conj/Air       28%        1d4       10%         1
Your spell library was empty.

Dungeon Overview and Level Annotations

Branches:
Dungeon (4/15)
 Temple: D:4-7

Altars:

Shops:
D:2 :


Innate Abilities, Weirdness & Mutations

You are immune to sickness and miasma.
You are immune to poison.
Your flesh is very heat resistant. (rF++)
You are vulnerable to cold. (rC-)
You float through the air rather than walking.
You learn spells naturally, not from books.
Your magical power is your life essence.
You have superior vitality. (+4 HP)


Message History

You grow a pair of large bovine horns.
The gnoll barely misses you.
You closely miss the gnoll.
The gnoll is moderately wounded.
The gnoll hits you with a +0 spear!
You barely miss the gnoll. You headbutt the gnoll.
The gnoll is heavily wounded.
The gnoll hits you with a +0 spear!
You are too injured to fight recklessly!
The gnoll misses you.
There is a stone staircase leading down here.
The gnoll closely misses you.
Your magical contamination has completely faded away.
You fly downwards.
The orc shouts!
The hobgoblin shouts!
The adder hisses angrily.
Found an escape hatch in the floor.
There is a stone staircase leading up here.
Your transformation is almost over.
The scorpion stings you. The scorpion closely misses you.
The scorpion barely misses you. The adder completely misses you.
The scorpion stings you.
* * * LOW HITPOINT WARNING * * *
The scorpion closely misses you.
You aren't carrying any potions.
As you read the scroll labelled BATUAT XIRAW, it crumbles to dust.
The creatures around you are filled with an inner flame!
It was a scroll of immolation.
The adder bites you.
* * * LOW HITPOINT WARNING * * *
The scorpion stings you but does no damage.
The adder closely misses you.
Your horns disappear.
The scorpion closely misses you. The scorpion stings you.
* * * LOW HITPOINT WARNING * * *
You aren't carrying any potions.
As you read the scroll labelled RUISAIT YLOENT, it crumbles to dust.
You assume a fearsome visage.
The scorpion looks frightened!
The hobgoblin looks frightened!
It was a scroll of fear.
The adder closely misses you. The adder bites you.
You die...

#######
.##.####.....#####
.......@.........#
..####.####S#.#..##.
....##.####.#.#..#
.........#.#.#..##.#
#.......#.#.s.....#
#.......#.#o.......
#.....go.#..g......
##.#.......#.##.....#.
...........### .....#


You could see an adder (inner flame).

Vanquished Creatures
  An adder (D:3)
  A worm (D:2)
  2 dart slugs
  2 ball pythons
  5 endoplasms (D:1)
  6 goblins
  4 hobgoblins
  7 jackals
  4 bats
  2 kobolds
  3 rats (D:2)
37 creatures vanquished.

Notes
Turn   | Place    | Note
-------+----------+-------------------------------------------
     0 | D:1      | ces the Djinni Transmuter began the quest for the Orb.
     0 | D:1      | Reached XP level 1. HP: 17/17 MP: 0/0
   476 | D:1      | Reached XP level 2. HP: 17/22 MP: 0/0
  1411 | D:1      | Reached XP level 3. HP: 13/27 MP: 0/0
  1411 | D:1      | Learned a level 1 spell: Shock
  1764 | D:1      | Found a faded altar of an unknown god.
  2189 | D:2      | Found Syddeceova's Book Boutique.
  3085 | D:3      | Reached skill level 4 in Unarmed Combat
  3085 | D:3      | Reached XP level 4. HP: 28/32 MP: 0/0
  3339 | D:4      | Noticed a scorpion
  3354 | D:4      | HP: 1/32 [scorpion (5)]
  3358 | D:4      | Slain by an adder

Illustrated notes

Levels and vault maps discovered:
D:1:      dpeg_arrival_radiant, layout_loops_ring,
          chequers_ecumenical_altar_simple_redux
D:2:      layout_loops_cross, serial_shops, nicolae_shop_statue_plus
D:3:      layout_loops_ring
D:4:      layout_loops_cross, uniq_duvessa

Skill      XL: |  1  2  3 |
---------------+----------+-----
Spellcasting   | 2 |  2.1
Unarmed Combat | 4 |  4.0
Fighting       | |  1.1
Dodging        | |  2.3
Stealth        | |  0.9

Action                   |  1- 3 |  4- 6 || total
-------------------------+-------+-------++-------
Melee: Unarmed           |   119 |    19 ||   138
       Headbutt          |    15 |     3 ||    18
       Punch             |     2 |       ||     2
 Cast: Beastly Appendage |    28 |     4 ||    32
  Use: Scroll            |       |     2 ||     2
 Stab: Sleeping          |     3 |       ||     3
Armor: Robe              |    20 |     3 ||    23
Dodge: Dodged            |    68 |    29 ||    97
